 Dungeon Crawl Stone Soup version 0.21.0-3-g78d12a8 (webtiles) character file.

49 pomescollege the Firebug (level 3, 0/24 HPs)
             Began as a Demonspawn Fire Elementalist on Jan 16, 2018.
             Succumbed to an adder's poison
             ... on level 2 of the Dungeon.
             The game lasted 00:04:17 (1633 turns).

pomescollege the Firebug (DsFE)                     Turns: 1633, Time: 00:04:18

Health: 0/24       AC:  2    Str:  8    XL:     3   Next: 51%
Magic:  1/6        EV: 12    Int: 17    God:
Gold:   64         SH:  0    Dex: 13    Spells: 2/6 levels left

rFire    + . .     SeeInvis .   d - +0 dagger
rCold    . . .     Gourm    .   (no shield)
rNeg     . . .     Faith    .   a - +0 robe
rPois    .         Spirit   .   (no helmet)
rElec    .         Reflect  .   (no cloak)
rCorr    .         Harm     .   (no gloves)
MR       .....                  (no boots)
Stlth    ++........             (no amulet)
HPRegen  0.08/turn              (no ring)
MPRegen  0.10/turn              (no ring)

@: lethally poisoned (0 -> -7)
A: fire resistance 1, sturdy frame 1
a: no special abilities


You were on level 2 of the Dungeon.
You were not hungry.

You visited 1 branch of the dungeon, and saw 2 of its levels.

You collected 64 gold pieces.

Inventory:

Hand Weapons
 d - a +0 dagger (weapon)
Armour
 a - a +0 robe (worn)
Scrolls
 f - a scroll of fog {unknown}
Potions
 e - a potion of magic
 g - a potion of haste {unknown}
 i - a potion of agility {unknown}
Books
 b - a book of Flames

   Spells                             Type                      Level
   a - Flame Tongue                   Conjuration/Fire             1
   b - Throw Flame                    Conjuration/Fire             2
   c - Conjure Flame                  Conjuration/Fire             3
   d - Inner Flame                    Hexes/Fire                   3
   e - Sticky Flame                   Conjuration/Fire             4
   f - Fireball                       Conjuration/Fire             5
Comestibles
 c - 2 rations
 h - 4 chunks of flesh


   Skills:
 - Level 2.0 Dodging
 - Level 2.0 Stealth
 - Level 2.0 Spellcasting
 + Level 2.2 Conjurations
 + Level 3.4 Fire Magic


You had 2 spell levels left.
You knew the following spells:

 Your Spells              Type           Power        Failure   Level  Hunger
a - Flame Tongue          Conj/Fire      ##...        6%          1    #......
b - Conjure Flame         Conj/Fire      ##......     19%         3    ###....


Dungeon Overview and Level Annotations

Branches:
Dungeon (2/15)

Altars:


Innate Abilities, Weirdness & Mutations

Your flesh is heat resistant. (rF+)
Your movements are slightly less encumbered by armour. (ER -2)


Message History

You feel sick.
Things that are here:
a dagger; a goblin corpse
* * * LOW HITPOINT WARNING * * *
You feel sick.
Casting: Flame Tongue
Confirm with . or Enter, or press ? or * to list all spells.
Aiming: Flame Tongue
Press: ? - help, Shift-Dir - straight line, f/p - adder
Aim: an adder (moderately wounded)
The flame tongue misses the adder.
The adder bites you.
* * * LOW HITPOINT WARNING * * *
The adder bites you but does no damage.
* * * LOW HITPOINT WARNING * * *
You feel sick.
* * * LOW HITPOINT WARNING * * *
You feel sick. The adder bites you.
* * * LOW HITPOINT WARNING * * *
You die...

.............#
######.####.....
#.## ### #.#.## #
##.###.##.#### #.##
##......# #
#..###.##.##.#
##.#.#S#.###.#
#....)..@..<.#
#......†÷....#
.....#.##.#.##.#
###..#.##....#.#...
#..#.####†........
.............#...#
##...............##
.######.##.#### #.#
.#


You could see an adder.

Vanquished Creatures
  A gnoll (D:1)
  3 leopard geckos
  2 giant cockroaches (D:1)
  5 goblins
  6 hobgoblins (D:1)
  6 kobolds (D:1)
  3 bats (D:1)
  3 frilled lizards
  6 rats
35 creatures vanquished.

Notes
Turn   | Place    | Note
-------+----------+-------------------------------------------
     0 | D:1      | pomescollege the Demonspawn Fire Elementalist began the quest for the Orb.
     0 | D:1      | Reached XP level 1. HP: 13/13 MP: 3/3
   330 | D:1      | Gained mutation: Your movements are slightly less encumbered by armour. (ER -2) [demonic ancestry]
   330 | D:1      | Reached XP level 2. HP: 14/19 MP: 3/5
   334 | D:1      | Reached skill level 3 in Fire Magic
  1067 | D:1      | Gained mutation: Your flesh is heat resistant. (rF+) [demonic ancestry]
  1067 | D:1      | Reached XP level 3. HP: 14/24 MP: 0/6
  1614 | D:2      | Learned a level 3 spell: Conjure Flame
  1632 | D:2      | HP: 1/24 [adder (3)]
  1633 | D:2      | Succumbed to an adder's poison

Skill      XL: |  1  2 |
---------------+-------+-----
Stealth        | 2 |  2.0
Dodging        | 2 |  2.0
Fire Magic     | 3 |  3.4
Conjurations   | 2 |  2.2
Spellcasting   | |  2.0

Action                   || total
-------------------------++-------
Melee: Dagger            ||    72
       Unarmed           ||     2
 Cast: Flame Tongue      ||    41
  Use: Scroll            ||     2
 Stab: Sleeping          ||     4
  Eat: Chunk             ||     3
Armor: Robe              ||    24
Dodge: Dodged            ||    62
